[Event "Early-Titled-Tuesday-Blitz-June-18-2024"]
[Site "Chess.com"]
[Date "2024.06.18"]
[Round "10"]
[White "maracayo"]
[Black "Vesper2018"]
[Result "1-0"]
[WhiteElo "2424"]
[BlackElo "2576"]
[TimeControl "180+1"]
[EndTime "9:56:48 PDT"]
[Termination "maracayo won by resignation"]

1. e4 c5 2. Nf3 d6 3. d3 Nc6 4.
Nbd2 g6 5. h3 Bg7 6. Be2 e5 7.
c3 Nge7 8. O-O O-O 9. a3 h6 10.
b4 b6 11. Bb2 Be6 12. b5 Nb8 13. d4 exd4 14. cxd4 d5 15. Re1 Nd7 16. a4 Rc8 17. exd5 Nxd5 18. Nc4 Nf4 19. Bf1 cxd4 20. Nd6 Rc5 21.
Nb7 Qc7 22. Nxc5 bxc5 23. Rc1 Qd6 24. Nd2 f5 25. Qf3 Bd5 26. Bc4 Nf6 27. Ba3 Rc8 28.
Bxd5+ N6xd5 29. Nc4 Qd8 30. Ne5 d3 31. Nxd3 Nxd3 32.
Qxd3 Nf4 33. Qc4+ 1-0

[Event "Early-Titled-Tuesday-Blitz-June-18-2024"]
[Site "Chess.com"]
[Date "2024.06.18"]
[Round "10"]
[White "jlmanzanares"]
[Black "campochess"]
[Result "0-1"]
[WhiteElo "2054"]
[BlackElo "2203"]
[TimeControl "180+1"]
[EndTime "9:56:50 PDT"]
[Termination "campochess won by resignation"]

1. e4 c5 2. Nf3 Nc6 3. d4 cxd4 4. Nxd4 Qb6 5. Nb3 Nf6 6. Be3 Qc7 7. Nc3 e6 8. Qe2 Bb4 9. f3 d5 10. exd5 Nxd5 11.
O-O-O Bxc3 12. Rxd5 Bf6 13. Rd1 O-O 14. g4 a5 15. g5 Be7 16. Nc5 a4 17. Kb1 b6 18.
Ne4 Ba6 19. Qg2 Ne5 20. Nf6+ Kh8 21. Bxa6 Rxa6 22. Bf4 gxf6 23. gxf6 Bxf6 24. Rhg1 Raa8 25. Qe2 Ra5 26. Rde1 Rc8 27. c3 a3 28. Rg5 axb2 29.
Rxe5 Bxe5 30. Bxe5+ Rxe5 31. Qxe5+ Qxe5 32. Rxe5 Rxc3 33. Kxb2 Rxf3 34. Rb5 Rf2+ 35. Kb3 Rxh2 36. Rxb6 Rd2 37. a4 Rd8 38. a5 h5 39. Rb7 Kg7 40. a6 Ra8 41. a7 Kg6 42. Kc4 f5 43. Kd4 Kf6 44. Rh7 e5+ 45. Kc5 Kg5 46. Rg7+ Kf4 47.
Kb6 h4 48. Rh7 Kg4 49. Rg7+ Kf3 50. Rg5 Kf4 51. Rh5 Kg4 52. Rh7 e4 53. Rg7+ Kf3 54. Rf7 f4 55. Rh7 e3 56. Rxh4 e2 57. Rh3+ Kg2 58.
Rh7 e1=Q 0-1

[Event "Early-Titled-Tuesday-Blitz-June-18-2024"]
[Site "Chess.com"]
[Date "2024.06.18"]
[Round "10"]
[White "Lupul_Cenusiu"]
[Black "Tol_Tol"]
[Result "1-0"]
[WhiteElo "2695"]
[BlackElo "2350"]
[TimeControl "180+1"]
[EndTime "9:56:51 PDT"]
[Termination "Lupul_Cenusiu won by checkmate"]

1. e4 c5 2. Nc3 Nc6 3. Bb5 e6 4. Bxc6 bxc6 5. f4 c4 6. Nf3 d5 7.
d4 cxd3 8. cxd3 Bc5 9. d4 Bb4 10. O-O Ne7 11. e5 O-O 12. Na4 Nf5 13. a3 Be7 14. g4 Nh4 15. Nxh4 Bxh4 16. g5 Ba6 17. Qg4 Bxf1 18. Kxf1 Qa5 19. Nc3 Qa6+ 20. Ne2 f6 21. exf6 gxf6 22. gxf6+ Kf7 23. Qg7+ Ke8 24. Qe7# 1-0

[Event "Early-Titled-Tuesday-Blitz-June-18-2024"]
[Site "Chess.com"]
[Date "2024.06.18"]
[Round "10"]
[White "scarabee43"]
[Black "Mops_2004"]
[Result "1-0"]
[WhiteElo "2886"]
[BlackElo "2808"]
[TimeControl "180+1"]
[EndTime "9:56:52 PDT"]
[Termination "scarabee43 won by resignation"]

1. Nf3 g6 2. c4 Bg7 3. Nc3 d6 4. d4 e5 5. e4 Bg4 6. d5 a5 7. Be2 Bxf3 8. Bxf3 Nd7 9. O-O h5 10. g3 Bh6 11. h4 Kf8 12. a3 Nc5 13. b4 axb4 14. axb4 Rxa1 15. Bxh6+ Nxh6 16. Qxa1 Nb3 17. Qa2 Nd4 18. Bg2 g5 19. hxg5 Qxg5 20. Ne2 Nxe2+ 21. Qxe2 h4 22. Qf3 Rg8 23. c5 Rg6 24. Ra1 Rf6 25.
gxh4 Qxh4 26. Qg3 Qh5 27. Ra8+ Ke7 28. Qg7 Rg6 29. Qf8+ Kf6 30. Qd8+ 1-0

[Event "Early-Titled-Tuesday-Blitz-June-18-2024"]
[Site "Chess.com"]
[Date "2024.06.18"]
[Round "10"]
[White "AljoschaFeuerstack"]
[Black "DvaHrasta"]
[Result "0-1"]
[WhiteElo "2639"]
[BlackElo "2526"]
[TimeControl "180+1"]
[EndTime "9:56:55 PDT"]
[Termination "DvaHrasta won by resignation"]

1. e4 c6 2. c4 d5 3. cxd5 cxd5 4. exd5 Nf6 5. Nc3 Nxd5 6. Nf3 Nc6 7. d4 Bg4 8. Qb3 Bxf3 9. gxf3 Nb6 10. Be3 e6 11.
O-O-O Be7 12. Kb1 O-O 13. Rg1 Bf6 14. d5 Nxd5 15. Nxd5 exd5 16. Rxd5 Qc7 17. Rf5 Bd4 18. Bc4 g6 19. Bf4 Qe7 20. Bg5 Qc7 21. Bh6 Bg7 22. Bxg7 Kxg7 23. Qc3+ f6 24. Rd5 Rac8 25. Qd2 Rfd8 26. Rd1 Rxd5 27. Bxd5 Rd8 28. f4 Ne7 29. Qe3 Nxd5 30. Qe4 Nc3+ 0-1

[Event "Early-Titled-Tuesday-Blitz-June-18-2024"]
[Site "Chess.com"]
[Date "2024.06.18"]
[Round "10"]
[White "Heliosis11"]
[Black "gafkens"]
[Result "0-1"]
[WhiteElo "2460"]
[BlackElo "2622"]
[TimeControl "180+1"]
[EndTime "9:56:55 PDT"]
[Termination "gafkens won by resignation"]

1. e4 g6 2. d4 Bg7 3. Nf3 d6 4.
h3 e5 5. Nc3 Nc6 6. Be3 f5 7.
dxe5 Nxe5 8. Nxe5 Bxe5 9. Bd4 Bxd4 10. Qxd4 Qf6 11. O-O-O Qxd4 12. Rxd4 Ne7 13. Nb5 Kd8 14. e5 Nc6 15. Rc4 dxe5 16. Be2 Be6 17. Rd1+ Kc8 18. Rc3 a6 19. Na3 Rd8 20. Rxd8+ Kxd8 21. Nc4 Nd4 22.
Bf1 Bxc4 23. Bxc4 Ke7 24. Rd3 Rd8 25. c3 Nc6 26. Rxd8 Nxd8 27. Bg8 h6 28. Kd2 Nf7 29. g4 Kf6 30. Ke3 Kg7 31. Bxf7 Kxf7 32. f4 Ke6 33. g5 h5 34. h4 exf4+ 35. Kxf4 Kd5 36. b3 b5 37. a3 a5 38. Ke3 Ke5 39. Kf3 f4 40. a4 bxa4 41. bxa4 Kf5 42. c4 c5 0-1

[Event "Early-Titled-Tuesday-Blitz-June-18-2024"]
[Site "Chess.com"]
[Date "2024.06.18"]
[Round "10"]
[White "JanMur7"]
[Black "Laico"]
[Result "0-1"]
[WhiteElo "2261"]
[BlackElo "2441"]
[TimeControl "180+1"]
[EndTime "9:56:55 PDT"]
[Termination "Laico won by resignation"]

1. c4 e5 2. Nc3 Nc6 3. Nf3 f5 4. d4 e4 5. d5 Bb4 6. dxc6 exf3 7. cxd7+ Bxd7 8. exf3 Bxc3+ 9. bxc3 Nf6 10. Ba3 Kf7 11. Be2 Re8 12. O-O Bc6 13. Bd3 Qd7 14. Bc5 Rad8 15.
Bd4 b6 16. Qb3 Ba4 17. Qa3 c5 18. Bxf6 Kxf6 19. Rae1 Rxe1 20. Rxe1 Qxd3 21. Qxa4 Qxc3 22. Qc6+ Kg5 23. Qe6 Qf6 24. Qe3+ Kg6 25. g3 f4 26. Qe4+ Qf5 27. Qc6+ Kf7 28. g4 Qd7 29. Qe4 Qd4 30.
Qe6+ Kf8 31. Qf5+ Kg8 32. Qh5 g6 33. Qg5 Rf8 34. Rc1 Re8 35. h3 Re2 36. Rf1 Rxa2 37.
Qd8+ Qxd8 0-1

[Event "Early-Titled-Tuesday-Blitz-June-18-2024"]
[Site "Chess.com"]
[Date "2024.06.18"]
[Round "10"]
[White "kleinebeer98"]
[Black "Rodalquilar"]
[Result "1-0"]
[WhiteElo "2972"]
[BlackElo "2827"]
[TimeControl "180+1"]
[EndTime "9:57:01 PDT"]
[Termination "kleinebeer98 won by resignation"]

1. e4 d5 2. exd5 Qxd5 3. Nc3 Qa5 4. b4 Qxb4 5. Rb1 Qd6 6. Nf3 Nf6 7. d4 c6 8. Bc4 g6 9. Ne5 e6 10. Qf3 Bg7 11.
Ne4 Qd8 12. Bg5 Qa5+ 13. Bd2 Qd8 14. Bg5 Qa5+ 15. c3 Nbd7 16. Nxf6+ Bxf6 17. Bxf6 Nxf6 18. Qxf6 Qxc3+ 19. Kf1 O-O 20. h4 Qxd4 21. h5 Qd8 22. Qxd8 Rxd8 23. hxg6 hxg6 24. Rh8+ Kxh8 25. Nxf7+ Kg7 26.
Nxd8 Kf6 27. Nxb7 Rb8 28. Ba6 Ke7 29. Rb3 e5 30. Nc5 Rxb3 31. axb3 Bf5 32. f3 Kd6 33. Ne4+ Kd5 34. Ke2 Kd4 35. Bd3 a5 36. Kd2 c5 37.
Nf2 Be6 38. Bc2 c4 39. bxc4 Bxc4 40. g3 g5 41. Nd1 Bd5 42. Ke2 Bc6 43. Nb2 Kc3 44. Ba4 Bxf3+ 45. Kxf3 Kxb2 46. Ke4 Ka3 47. Be8 Kb4 48. Kxe5 a4 49. Bxa4 Kxa4 50. Kf5 Kb5 51. Kxg5 Kc6 52. Kf6 1-0

[Event "Early-Titled-Tuesday-Blitz-June-18-2024"]
[Site "Chess.com"]
[Date "2024.06.18"]
[Round "10"]
[White "Xavier_mompel"]
[Black "Caroexpert"]
[Result "0-1"]
[WhiteElo "2438"]
[BlackElo "2621"]
[TimeControl "180+1"]
[EndTime "9:57:03 PDT"]
[Termination "Caroexpert won on time"]

1. e4 c6 2. d4 d5 3. Nc3 dxe4 4. Nxe4 Nf6 5. Nxf6+ exf6 6. c3 Bd6 7. Bd3 O-O 8. Qc2 Re8+ 9. Ne2 h5 10. Be3 Nd7 11.
c4 Nf8 12. O-O-O Be6 13. Kb1 Rc8 14. Nc3 Bb4 15. a3 Bxc3 16. Qxc3 b5 17. Rhe1 Ng6 18. g3 Qd7 19. Qc2 Ne7 20. Bf4 bxc4 21. Bxc4 Bf5 22.
Bd3 Bxd3 23. Qxd3 Nd5 24. Bd2 Rb8 25. Rxe8+ Qxe8 26. Re1 Qd7 27. Bc3 Rb3 28. Kc2 Rb5 29. a4 Rb8 30. b3 g6 31. f4 f5 32. Re5 Qb7 33. Qc4 Nb6 34. Qb4 Qc8 35. Qd6 Nd5 36. Kd3 Rxb3 0-1

[Event "Early-Titled-Tuesday-Blitz-June-18-2024"]
[Site "Chess.com"]
[Date "2024.06.18"]
[Round "10"]
[White "ChessLover0108"]
[Black "AnishOnYoutube"]
[Result "0-1"]
[WhiteElo "2937"]
[BlackElo "3088"]
[TimeControl "180+1"]
[EndTime "9:57:04 PDT"]
[Termination "AnishOnYoutube won on time"]

1. d4 d5 2. c4 c6 3. Nf3 Nf6 4. e3 Bf5 5. Nc3 e6 6. Nh4 Be4 7. f3 Bg6 8. Nxg6 hxg6 9. Qb3 Qc7 10. cxd5 cxd5 11. Bd2 Nc6 12. O-O-O a6 13. Kb1 b5 14. Rc1 Na5 15. Nxb5 Qxc1+ 16. Bxc1 Nxb3 17. Nc7+ Kd7 18. Nxa8 Nxc1 19. Kxc1 Kc6 20. Bxa6 Bd6 21. Kb1 Rxa8 22. Bd3 e5 23. dxe5 Bxe5 24. a3 Kb6 25. h3 Bd6 26. Rd1 Re8 27. e4 dxe4 28. fxe4 Be5 29. Bc4 Re7 30. Kc2 Nxe4 31. b4 Rc7 32. Kb3 Nd6 33. Bd3 Rc3+ 34. Ka2 Nc4 35. Bxc4 Rxc4 36. Rd7 f5 37. Kb3 Rc3+ 38. Ka4 Rg3 0-1

[Event "Early-Titled-Tuesday-Blitz-June-18-2024"]
[Site "Chess.com"]
[Date "2024.06.18"]
[Round "10"]
[White "arctic_t00"]
[Black "Mikozovna"]
[Result "0-1"]
[WhiteElo "2721"]
[BlackElo "2641"]
[TimeControl "180+1"]
[EndTime "9:57:04 PDT"]
[Termination "Mikozovna won by resignation"]

1. Nf3 Nf6 2. c4 b6 3. g3 Bb7 4.
Bg2 g6 5. O-O Bg7 6. d4 O-O 7.
Re1 e6 8. Nc3 c5 9. d5 exd5 10.
cxd5 b5 11. Nxb5 Bxd5 12. Bf4 Na6 13. Qa4 Qb6 14. Nc3 Bc6 15. Qc2 d5 16. Ne5 Bb7 17.
Na4 Qb5 18. a3 Ne4 19. Nf3 Rfe8 20. Rac1 Rac8 21. h4 c4 22. Bh3 f5 23. h5 d4 24.
h6 Bf6 25. Red1 Red8 26. g4 d3 27. exd3 cxd3 28. Qb1 Qxa4 29. gxf5 Rxc1 30. Qxc1 Nec5 31. fxg6 Bxf3 32. gxh7+ Kxh7 33. Bf5+ Kh8 34. Re1 Rg8+ 35. Kh2 Qe8 36. Bh3 Qh5 37. Qe3 Rg2+ 38. Kh1 Qxh3+ 0-1

[Event "Early-Titled-Tuesday-Blitz-June-18-2024"]
[Site "Chess.com"]
[Date "2024.06.18"]
[Round "10"]
[White "shirovin"]
[Black "Larina_Maria"]
[Result "1-0"]
[WhiteElo "2126"]
[BlackElo "2352"]
[TimeControl "180+1"]
[EndTime "9:57:05 PDT"]
[Termination "shirovin won by resignation"]

1. e4 c6 2. d4 d5 3. exd5 cxd5 4. Bd3 Nc6 5. c3 e5 6. dxe5 Nxe5 7. Qe2 Qe7 8. Bb5+ Nc6 9. Bf4 Nf6 10. Nf3 Qxe2+ 11.
Bxe2 Bc5 12. O-O O-O 13. Nbd2 Rd8 14. Nb3 Be7 15. Rad1 Be6 16. Nfd4 Rac8 17. Bf3 Ne4 18. Bxe4 dxe4 19. Nxe6 fxe6 20. Be3 b6 21. Nd4 Kf7 22. Nxc6 Rxc6 23. Rxd8 Bxd8 24. Rd1 Ke8 25. Rd4 Bf6 26. Rxe4 Rd6 27. Bd4 Kf7 28. Kf1 Rd5 29. Ke2 Ra5 30. a3 Rb5 31. b4 Rh5 32. h3 Rd5 33. Bxf6 gxf6 34. Rd4 Re5+ 35. Kd3 Ke7 36. Rh4 h5 37. g4 hxg4 38. hxg4 Kd6 39. Rh7 a5 40. f3 axb4 41. axb4 Re1 42. Rb7 Kc6 43. Rf7 f5 44. gxf5 exf5 45.
Rxf5 Re6 46. f4 b5 47. Re5 Rd6+ 48. Ke4 Rd1 49. Rc5+ Kb6 50. Kf5 Rd6 51. Kg5 1-0

[Event "Early-Titled-Tuesday-Blitz-June-18-2024"]
[Site "Chess.com"]
[Date "2024.06.18"]
[Round "10"]
[White "Gareth-Bale11"]
[Black "TheBigBoss04"]
[Result "1/2-1/2"]
[WhiteElo "2960"]
[BlackElo "2834"]
[TimeControl "180+1"]
[EndTime "9:57:06 PDT"]
[Termination "Game drawn by repetition"]

1. d4 Nf6 2. Nf3 g6 3. Bf4 Bg7 4. e3 d6 5. h3 O-O 6. c4 e5 7.
Bh2 exd4 8. Nxd4 Nbd7 9. Nc3 Nc5 10. Be2 Re8 11. O-O Nfe4 12. Nxe4 Nxe4 13. Rc1 Qg5 14.
Bf4 Qe7 15. Qc2 a5 16. Rfd1 h5 17. Bh2 Nxf2 18. Kxf2 Qxe3+ 19. Kf1 Bxd4 20. Bf3 Bxh3 21. Rd3 Bf5 22. Rxe3 Bxc2 23. Rxe8+ Rxe8 24. Rxc2 b6 25. b3 Kg7 26. Bc6 Re7 27. Bg3 f5 28. Re2 Rxe2 29.
Kxe2 Kf6 30. Be8 Kg5 31. Kf3 Be5 32. Be1 Kf6 33. a3 Bb2 34. a4 Bd4 35. g3 Be5 36. b4 axb4 37. Bxb4 Kg7 38. a5 bxa5 39. Bxa5 c5 40. Bd8 Kh6 41. Bd7 Kg7 42. Be8 Kh6 43.
Bd7 Kg7 44. Be8 1/2-1/2

[Event "Early-Titled-Tuesday-Blitz-June-18-2024"]
[Site "Chess.com"]
[Date "2024.06.18"]
[Round "10"]
[White "monomita"]
[Black "XDPS"]
[Result "0-1"]
[WhiteElo "2798"]
[BlackElo "2879"]
[TimeControl "180+1"]
[EndTime "9:57:07 PDT"]
[Termination "XDPS won on time"]

1. d4 d5 2. Nc3 Nf6 3. Bf4 a6 4. e3 h6 5. h4 c5 6. dxc5 Nc6 7. Nf3 Bg4 8. Be2 e6 9. Ne5 Bxe2 10. Qxe2 Bxc5 11.
O-O-O Qa5 12. Kb1 Bb4 13. Rd3 Rc8 14. a3 Be7 15. g4 Qb6 16. Re1 g6 17. h5 g5 18. Bg3 Rg8 19. e4 d4 20. Na2 Bc5 21.
Rb3 Qa7 22. Rf3 Nxe5 23. Rxf6 Nd7 24. Rxh6 Bf8 25. Rh7 Nf6 26. Rxf7 Kxf7 27. f4 gxf4 28. Bh4 Nxg4 29. e5 Be7 30. Bxe7 Kxe7 31. Qe4 Rg7 32.
Qxf4 Qc5 33. h6 Rg6 34. Rf1 Qxc2+ 35. Ka1 Qf5 0-1

[Event "Early-Titled-Tuesday-Blitz-June-18-2024"]
[Site "Chess.com"]
[Date "2024.06.18"]
[Round "10"]
[White "LaPiToB"]
[Black "Chaubunagungamaug1"]
[Result "0-1"]
[WhiteElo "2344"]
[BlackElo "2485"]
[TimeControl "180+1"]
[EndTime "9:57:08 PDT"]
[Termination "Chaubunagungamaug1 won by resignation"]

1. c4 Nf6 2. Nc3 c6 3. d4 d5 4. cxd5 cxd5 5. Bf4 Nc6 6. e3 a6 7. Be2 Bf5 8. g4 Bc8 9. h4 e6 10. Nf3 Bb4 11. Ne5 Qa5 12. Kf1 Bxc3 13. bxc3 Ne4 14. Nxc6 bxc6 15. Rc1 Bd7 16. Rc2 c5 17. Kg2 Ba4 18.
Bf3 Nxc3 19. Qd2 Bxc2 20. Qxc2 cxd4 21. exd4 O-O 22. Bd2 Rac8 23. Rc1 Qxa2 24. Bxc3 Qc4 25. Be2 Qc6 26. Qd3 a5 27. Bd2 Qb6 28. Ra1 Ra8 29.
Qb5 Qxd4 30. Be3 Qxa1 31. Bd3 a4 32. h5 a3 33. g5 a2 34. g6 Qe5 35. gxh7+ Kh8 36.
Bd4 Qxd4 0-1

[Event "Early-Titled-Tuesday-Blitz-June-18-2024"]
[Site "Chess.com"]
[Date "2024.06.18"]
[Round "10"]
[White "tusplingher"]
[Black "ChessSwole"]
[Result "0-1"]
[WhiteElo "2576"]
[BlackElo "2701"]
[TimeControl "180+1"]
[EndTime "9:57:10 PDT"]
[Termination "ChessSwole won on time"]

1. c4 e5 2. a3 Nf6 3. d3 Nc6 4. Nf3 g6 5. g3 Bg7 6. Bg2 O-O 7. O-O d5 8. cxd5 Nxd5 9. Bd2 Nd4 10. Nc3 Be6 11. Rc1 c6 12. Nxd4 exd4 13. Ne4 Re8 14. Nc5 Bg4 15. Re1 b6 16. Ne4 c5 17. h3 Bf5 18. Qb3 Nc7 19. Ng5 Rf8 20. Bxa8 Qxa8 21. Bf4 Nd5 22. Bd2 h6 23. Nf3 Bxh3 24. Qc2 Re8 25.
b4 Nc3 26. Bxc3 dxc3 27. bxc5 bxc5 28. Qa4 Rxe2 29. Rxe2 Qxf3 30. Qe8+ Kh7 31. Qe4 Qh5 32. Re3 Be6 33. Qh4 Qf5 34. Qf4 Qh5 35. Rce1 Bd5 36.
Qh4 Qf5 37. Re4 c2 38. Rc1 Qf3 39. Qf4 Qd1+ 40. Re1 Qxd3 41. Qe3 c4 42. Qxa7 Bd4 0-1

[Event "Early-Titled-Tuesday-Blitz-June-18-2024"]
[Site "Chess.com"]
[Date "2024.06.18"]
[Round "10"]
[White "GM-2024-GM"]
[Black "Kotofeyca"]
[Result "1-0"]
[WhiteElo "2342"]
[BlackElo "2465"]
[TimeControl "180+1"]
[EndTime "9:57:10 PDT"]
[Termination "GM-2024-GM won by checkmate"]

1. e4 c5 2. Nf3 d6 3. d4 cxd4 4. Nxd4 Nf6 5. Nc3 a6 6. Bg5 e6 7. Qe2 Be7 8. O-O-O Qc7 9. f4 Nbd7 10. g4 O-O 11. Bg2 Rb8 12. h4 b5 13. e5 dxe5 14. Nc6 Bb4 15. Nxb8 Qxb8 16. fxe5 Bxc3 17. exf6 Bxf6 18.
Bxf6 Nxf6 19. g5 Nd5 20. Bxd5 exd5 21. Rxd5 Bb7 22. Rdd1 Bxh1 23. Rxh1 Qf4+ 24. Kb1 g6 25. a3 Rd8 26. h5 Qxg5 27. hxg6 hxg6 28. Qh2 Qf6 29. Qh7+ Kf8 30. Re1 Qg7 31. Qh4 Qd4 32.
Qh6+ Kg8 33. Qg5 b4 34. axb4 Qd5 35. Qh4 Qd4 36. Re8+ Rxe8 37. Qxd4 Re6 38. c4 g5 39. b5 axb5 40. cxb5 Rg6 41. b6 g4 42. b7 g3 43. b8=Q+ Kh7 44. Qbh8# 1-0

[Event "Early-Titled-Tuesday-Blitz-June-18-2024"]
[Site "Chess.com"]
[Date "2024.06.18"]
[Round "10"]
[White "chess_peak"]
[Black "Mikayel99"]
[Result "0-1"]
[WhiteElo "2532"]
[BlackElo "2626"]
[TimeControl "180+1"]
[EndTime "9:57:12 PDT"]
[Termination "Mikayel99 won on time"]

1. d4 g6 2. e4 Bg7 3. Nc3 d6 4. Be3 c6 5. Qd2 b5 6. Bd3 b4 7.
Nce2 Nf6 8. Qxb4 O-O 9. h3 c5 10. dxc5 Nc6 11. Qd2 dxc5 12. Bxc5 Nd7 13. Ba3 Nde5 14.
O-O-O Nxd3+ 15. Qxd3 Qb6 16. Qg3 Ba6 17. Nc3 Rab8 18.
b3 Be5 19. f4 Bd4 20. Nd5 Qa5 21. Bb2 Qxa2 22. Rxd4 Nxd4 23. Bxd4 Rb7 24. Nf3 Rc8 25. Ne1 Rxb3 26. Nxe7+ Kf8 27. Qh4 Rb1+ 28. Kd2 Qa5+ 29. c3 Qb5 30. Qf2 Kxe7 31. f5 Kf8 32.
fxg6 hxg6 33. h4 Rb8 34. h5 Qg5+ 35. Qe3 R8b2+ 36. Nc2 Qxg2+ 0-1

[Event "Early-Titled-Tuesday-Blitz-June-18-2024"]
[Site "Chess.com"]
[Date "2024.06.18"]
[Round "10"]
[White "atbenina64"]
[Black "EdenDzung06"]
[Result "1-0"]
[WhiteElo "2819"]
[BlackElo "2462"]
[TimeControl "180+1"]
[EndTime "9:57:13 PDT"]
[Termination "atbenina64 won on time"]

1. Nf3 Nf6 2. c4 b6 3. Nc3 Bb7 4. d4 e6 5. a3 Be7 6. Qc2 d5 7. cxd5 Nxd5 8. Nxd5 exd5 9. Bf4 Bd6 10. Bxd6 Qxd6 11.
Rc1 c6 12. e3 Nd7 13. Bd3 Nf6 14. Ne5 Rc8 15. b4 O-O 16. f4 a5 17. Qb1 Ba8 18.
O-O c5 19. bxc5 bxc5 20. dxc5 Rxc5 21. Qb2 Ne4 22. Bxe4 dxe4 23. Rfd1 Qc7 24. Kf2 Rc8 25.
Rxc5 Qxc5 26. Rd2 h5 27. Qb3 Qc7 28. Rd7 Qc2+ 29. Qxc2 Rxc2+ 30. Kg3 f6 31. Ng6 Kh7 32. f5 Bc6 33. Rd8 1-0

[Event "Early-Titled-Tuesday-Blitz-June-18-2024"]
[Site "Chess.com"]
[Date "2024.06.18"]
[Round "10"]
[White "Slovineanu"]
[Black "manitodeplomo"]
[Result "0-1"]
[WhiteElo "2550"]
[BlackElo "2663"]
[TimeControl "180+1"]
[EndTime "9:57:14 PDT"]
[Termination "manitodeplomo won on time"]

1. d4 d5 2. Nf3 c6 3. c4 dxc4 4. e3 b5 5. a4 e6 6. b3 Bb4+ 7. Bd2 Bxd2+ 8. Nfxd2 a5 9. bxc4 b4 10. Nb3 Nf6 11. Be2 O-O 12. O-O Nbd7 13. Bf3 Qc7 14.
N1d2 Bb7 15. c5 e5 16. Nc4 exd4 17. exd4 Nd5 18. Bxd5 cxd5 19. Nd6 Bc6 20. Re1 Nf6 21. f3 Qd7 22. Nc1 Ne8 23. Nxe8 Rfxe8 24. Rxe8+ Qxe8 25. Kf2 Qb8 26. g3 Qe8 27. Nd3 f6 28. Qb3 Qh5 29. h4 Re8 30. Re1 Rxe1 31. Nxe1 Qe8 32. Nd3 Bxa4 33.
Qxd5+ Kh8 34. Qd6 Bb5 35. Nc1 a4 36. d5 b3 37. Nxb3 axb3 38. c6 b2 39. Qb4 Qe2+ 40. Kg1 h6 41. c7 Bd7 0-1

[Event "Early-Titled-Tuesday-Blitz-June-18-2024"]
[Site "Chess.com"]
[Date "2024.06.18"]
[Round "10"]
[White "savitha1030"]
[Black "AlphaPerseii"]
[Result "1-0"]
[WhiteElo "2583"]
[BlackElo "2406"]
[TimeControl "180+1"]
[EndTime "9:57:14 PDT"]
[Termination "savitha1030 won on time"]

1. Nf3 d5 2. g3 Nf6 3. Bg2 Nbd7 4. b3 e5 5. d3 Bd6 6. Bb2 O-O 7. Nbd2 e4 8. dxe4 dxe4 9. Ng5 e3 10. fxe3 Ng4 11.
Ndf3 Nxe3 12. Qd3 Nxg2+ 13. Kf2 Bc5+ 14. Kxg2 Nf6 15. Bxf6 Qxd3 16. cxd3 gxf6 17. Ne4 Be7 18. Rac1 c6 19. Nd4 f5 20. Nf2 Bg5 21. Rc2 Be3 22. Nf3 Be6 23. Rf1 a5 24. Nd1 Bb6 25. Nc3 Kg7 26.
Na4 Be3 27. Nc5 b6 28. Nxe6+ fxe6 29. Rxc6 a4 30. Rxe6 Rfe8 31. Rxe8 Rxe8 32. bxa4 Ra8 33. Ne5 Rxa4 34. Nc4 Bd4 35. Nd6 Bc5 36. Nxf5+ Kg6 37. d4 Bb4 38. Nh4+ Kg7 39. Rb1 Ba5 40. Rb2 Kf6 41.
Nf3 Ke6 42. e4 Ra3 43. Rc2 Re3 44. d5+ Kd7 45. e5 Rd3 46. e6+ Kd6 47. Re2 1-0

[Event "Early-Titled-Tuesday-Blitz-June-18-2024"]
[Site "Chess.com"]
[Date "2024.06.18"]
[Round "10"]
[White "JunjiCol"]
[Black "Gyulamiryan-koryun"]
[Result "0-1"]
[WhiteElo "2332"]
[BlackElo "1644"]
[TimeControl "180+1"]
[EndTime "9:57:16 PDT"]
[Termination "Gyulamiryan-koryun won by checkmate"]

1. e4 c5 2. Nf3 d6 3. d4 cxd4 4. Nxd4 Nf6 5. Nc3 a6 6. h3 e5 7.
Nf3 Be6 8. g4 Be7 9. g5 Nfd7 10.
Be3 Nc6 11. Nd5 O-O 12. c4 f5 13. gxf6 Nxf6 14. Ng5 Bxd5 15. cxd5 Nb8 16. Ne6 Qa5+ 17. Bd2 Qb6 18. Nxf8 Bxf8 19. Bd3 Nbd7 20. b4 Qd4 21.
Qb1 a5 22. O-O Nh5 23. Qb3 Nf4 24. Bxf4 exf4 25. Qc4 Qf6 26. Be2 f3 27. Bxf3 Qxf3 28. Rab1 Ne5 29. Rb3 Qf4 30. Qe2 Be7 31. bxa5 Rf8 32.
Kg2 Ng6 33. Rxb7 Nh4+ 34. Kh1 Nf3 35. Qxf3 Qxf3+ 36. Kg1 Bh4 37. Rb2 Rf6 38. Kh2 Rg6 39. Rg1 Bxf2 40. Rxg6 hxg6 41. Rb1 Qg3+ 42. Kh1 Qxh3# 0-1

[Event "Early-Titled-Tuesday-Blitz-June-18-2024"]
[Site "Chess.com"]
[Date "2024.06.18"]
[Round "10"]
[White "GambitGiesbergen"]
[Black "marvinguevara"]
[Result "1-0"]
[WhiteElo "2374"]
[BlackElo "2145"]
[TimeControl "180+1"]
[EndTime "9:57:17 PDT"]
[Termination "GambitGiesbergen won on time"]

1. e4 c5 2. d4 cxd4 3. c3 dxc3 4. Nxc3 Nc6 5. Nf3 e6 6. Bc4 a6 7. O-O b5 8. Bb3 Na5 9. Bg5 f6 10. Ne5 Nxb3 11. axb3 fxg5 12. Qh5+ g6 13. Nxg6 Nf6 14. Qh3 Rg8 15. Ne5 Bc5 16. Kh1 d6 17. Nd3 e5 18.
Qf3 Bg4 19. Qg3 h5 20. f3 h4 21. Qe1 Be6 22. Qd2 Nh5 23. Nxc5 dxc5 24. Qe3 Qc7 25. Nxb5 Qc6 26. Nc3 Kf7 27. Rfd1 Kf6 28. Nd5+ Bxd5 29.
Rxd5 Rac8 30. Qd3 Kg7 31. Rxa6 Qxa6 32. Qxa6 1-0

[Event "Early-Titled-Tuesday-Blitz-June-18-2024"]
[Site "Chess.com"]
[Date "2024.06.18"]
[Round "10"]
[White "SuperGPatzer"]
[Black "Kors67"]
[Result "1-0"]
[WhiteElo "2122"]
[BlackElo "2248"]
[TimeControl "180+1"]
[EndTime "9:57:17 PDT"]
[Termination "SuperGPatzer won on time"]

1. g4 d5 2. h3 h5 3. g5 g6 4. d4 Bg7 5. Nc3 c5 6. dxc5 d4 7. Ne4 Be6 8. Bg2 Bd5 9. Nd6+ Qxd6 10. cxd6 Bxg2 11. Rh2 Bc6 12. Bf4 e5 13. Bd2 Na6 14. c3 O-O-O 15. cxd4 Rxd6 16. Nf3 exd4 17. Bf4 Rd8 18. Be5 f6 19. gxf6 Nxf6 20. Rc1 Rhe8 21. Rxc6+ bxc6 22. Qa4 Kb7 23. Qb3+ Ka8 24. Qc4 Kb7 25.
Bxf6 Bxf6 26. Qf7+ Be7 27. Nxd4 Nc5 28. e3 Kb6 29.
Rg2 g5 30. b4 Nd3+ 31. Kf1 Bxb4 32. Rxg5 Re7 33. Qc4 Bc5 34. Rxc5 Nxc5 35. Qb4+ Kc7 36. Qxc5 Rd6 37. Nb5+ 1-0

[Event "Early-Titled-Tuesday-Blitz-June-18-2024"]
[Site "Chess.com"]
[Date "2024.06.18"]
[Round "10"]
[White "nitpicker"]
[Black "KorolDimitriy75"]
[Result "1-0"]
[WhiteElo "2338"]
[BlackElo "2488"]
[TimeControl "180+1"]
[EndTime "9:57:19 PDT"]
[Termination "nitpicker won on time"]

1. d4 Nf6 2. c4 c5 3. d5 b5 4.
cxb5 a6 5. e3 axb5 6. Bxb5 Qa5+ 7.
Nc3 Bb7 8. Ne2 Nxd5 9. O-O e6 10. e4 Nxc3 11. Nxc3 Be7 12. a4 O-O 13. Bf4 Qb6 14.
Bxb8 Rfxb8 15. Qxd7 Bf6 16. Qd3 Rd8 17. Qe2 Bd4 18. Qc4 Qa5 19. Rfd1 Qb4 20. Rab1 Bxc3 21.
bxc3 Qxc4 22. Bxc4 Bxe4 23. Rxd8+ Rxd8 24. Ra1 Ba8 25.
Kf1 Kf8 26. f3 Ke7 27. Ke2 e5 28. a5 f5 29. a6 g5 30. Rb1 e4 31. Rb5 Rc8 32.
Rb6 exf3+ 33. gxf3 Re8 34. Rh6 Kf8+ 35. Kf2 Kg7 36. Rd6 1-0

[Event "Early-Titled-Tuesday-Blitz-June-18-2024"]
[Site "Chess.com"]
[Date "2024.06.18"]
[Round "10"]
[White "the_chess_child"]
[Black "Gnechko_Ruslan"]
[Result "0-1"]
[WhiteElo "2860"]
[BlackElo "2597"]
[TimeControl "180+1"]
[EndTime "9:57:20 PDT"]
[Termination "Gnechko_Ruslan won by checkmate"]

1. d4 d5 2. Nf3 Nf6 3. Bf4 c5 4.
e3 Nc6 5. Nbd2 cxd4 6. exd4 Bg4 7. c3 e6 8. Qb3 Qc8 9. h3 Bxf3 10. Nxf3 Be7 11. Bd3 O-O 12. O-O a6 13. Rae1 b5 14. Re3 Na5 15. Qc2 Nc4 16. Re2 b4 17. cxb4 Bxb4 18. b3 Nd6 19. a3 Qxc2 20. Rxc2 Bxa3 21. Ra1 Nb5 22. Bxb5 axb5 23. Rca2 b4 24. Bd6 Rac8 25.
Bxf8 Kxf8 26. Re2 Ne4 27. Ne5 Rc3 28. Re3 Rc2 29. Rf3 f6 30. Nd3 Nd2 31. Re3 Nxb3 32.
Rb1 Nd2 33. Rd1 Ne4 34. Nf4 Kf7 35. f3 Nc3 36. Rde1 Bc1 37. Rxe6 Bxf4 38. Re7+ Kg6 39. Rb7 Bg3 40. Ra1 Ne2+ 41. Kh1 Rb2 42. h4 b3 43. h5+ Kh6 44. f4 Nxf4 45. Rf1 Nxh5 46. Rb5 Nf4 47. Kg1 Ne2+ 48. Kh1 Nf4 49. Kg1 g5 50. Rb6 Kg6 51. Kh1 h5 52. Rc6 h4 53. Rb6 h3 54.
gxh3 Rh2+ 55. Kg1 Ne2# 0-1